 Dungeon Crawl Stone Soup version 0.21.0 (webtiles) character file.

132 mortelune the Chopper (level 4, -4/42 HPs)
             Began as a Deep Dwarf Fighter on Jan 6, 2018.
             Slain by Sigmund
             ... wielding a +0 scythe
              (6 damage)
             ... on level 3 of the Dungeon.
             The game lasted 00:09:35 (1976 turns).

mortelune the Chopper (Deep Dwarf Fighter)          Turns: 1976, Time: 00:09:37

Health: -4/42      AC:  7    Str: 20    XL:     4   Next: 92%
Magic:  12/12      EV:  7    Int:  9    God:
Gold:   109        SH:  0    Dex: 12    Spells: 3/3 levels left

rFire    . . .     SeeInvis .   a - +0 war axe
rCold    . . .     Gourm    .   c - +0 shield
rNeg     . . .     Faith    .   b - +0 scale mail
rPois    .         Spirit   .   (no helmet)
rElec    .         Reflect  .   (no cloak)
rCorr    .         Harm     .   (no gloves)
MR       .....                  (no boots)
Stlth    ..........             (no amulet)
HPRegen  0.00/turn              o - ring of magical power
MPRegen  0.13/turn              (no ring)

@: confused, berserk cooldown, non-regenerating, slowed, very slow
A: damage resistance, heal wounds, sense surroundings 1, no regeneration
a: Heal Wounds


You were on level 3 of the Dungeon.
You were not hungry.

You visited 1 branch of the dungeon, and saw 3 of its levels.

You collected 109 gold pieces.

Inventory:

Hand Weapons
 a - a +0 war axe (weapon)
Missiles
 e - 17 sling bullets
 k - 52 stones (quivered)
Armour
 b - a +0 scale mail (worn)
 c - a +0 shield (worn)
Jewellery
 o - a ring of magical power (left hand)
Scrolls
 i - 3 scrolls of remove curse
 j - a scroll of teleportation
 l - a scroll of enchant armour {unknown}
 q - a scroll of fog {unknown}
Potions
 d - a potion of might
 h - 2 potions of agility
 m - a potion of magic
 n - a potion of berserk rage
 p - a potion of ambrosia {unknown}
Comestibles
 f - 4 rations


   Skills:
 + Level 3.5 Fighting
 * Level 4.3 Axes
 + Level 4.1 Armour
 - Level 3.2 Shields


You had 3 spell levels left.
You didn't know any spells.

Dungeon Overview and Level Annotations

Branches:
Dungeon (3/15)

Altars:

Annotations:
D:3 Sigmund


Innate Abilities, Weirdness & Mutations

You are resistant to damage.
You can heal yourself by infusing magical energy.
You passively map a small area around you.
You do not regenerate.


Message History

Sigmund hits you with a scythe.
You are no longer berserk.
You are exhausted.
You feel yourself slow down.
You bump into the rock wall.
Sigmund completely misses you.
Sigmund hits you from afar with a scythe!
* * * LOW HITPOINT WARNING * * *
You're too confused!
Sigmund casts a spell at you.
You are more confused.
You're too confused to move!
Sigmund hits you from afar with a scythe!
* * * LOW HITPOINT WARNING * * *
You're too confused!
You're too confused to move!
Sigmund casts a spell.
Sigmund flickers and vanishes!
Deactivating autopickup; reactivate with Ctrl-A.
Something hits you!
You die...

, ...# * #.#
...# #.#
#..# , #.# #
#..# #.#
#.###..## *
#.#
.#.......
#.#
........#*
#.# **
#..######.#
*
#>....{.@.#
*
#.#.########
#.###.# * ##
## , * * * ,
* *


There were no monsters in sight!

Vanquished Creatures
  4 adders
  An ooze (D:1)
  2 worms (D:2)
  2 dart slugs
  A leopard gecko (D:1)
  5 bats
  6 giant cockroaches
  16 hobgoblins
  3 jackals (D:3)
  7 kobolds
  3 quokkas (D:2)
  3 ball pythons (D:2)
  2 frilled lizards (D:2)
  A giant cockroach zombie (D:3)
  12 goblins
  A leopard gecko zombie (D:3)
  5 rats
74 creatures vanquished.

Notes
Turn   | Place    | Note
-------+----------+-------------------------------------------
     0 | D:1      | mortelune the Deep Dwarf Fighter began the quest for the Orb.
     0 | D:1      | Reached XP level 1. HP: 20/20 MP: 1/1
    82 | D:1      | Reached XP level 2. HP: 24/27 MP: 2/2
   346 | D:1      | Reached XP level 3. HP: 20/34 MP: 3/3
  1043 | D:2      | Reached XP level 4. HP: 36/42 MP: 3/3
  1574 | D:2      | Found a faded altar of an unknown god.
  1959 | D:3      | Noticed Sigmund
  1975 | D:3      | HP: 2/42 [Sigmund/scythe (8)]
  1976 | D:3      | Slain by Sigmund

Skill      XL: |  1  2  3  4 |
---------------+-------------+-----
Axes           | 3 4 |  4.3
Fighting       | 3 |  3.5
Armour         | 4 |  4.1
Shields        | |  3.2

Action                   |  1- 3 |  4- 6 || total
-------------------------+-------+-------++-------
Melee: War axe           |   114 |   104 ||   218
Throw: Stone             |    33 |    56 ||    89
 Abil: Heal Wounds       |     1 |       ||     1
  Use: Scroll            |     2 |     1 ||     3
       Potion            |       |     2 ||     2
  Eat: Chunk             |     1 |     3 ||     4
Armor: Scale mail        |    37 |    37 ||    74
Dodge: Dodged            |    25 |    33 ||    58
Block: Shield            |    54 |    53 ||   107
